 Dungeon Crawl Stone Soup version 0.24-a0-411-g4df2b1290f (webtiles) character file.

Game seed: 12829977831613359452

564 Nattfarinn the Geomancer (level 7, -1/36 HPs)
             Began as a Gargoyle Earth Elementalist on June 6, 2019.
             Slain by an orc warrior
             ... wielding a +2 mace of holy wrath
              (13 damage)
             ... on level 4 of the Dungeon.
             The game lasted 00:08:27 (4366 turns).

Nattfarinn the Geomancer (GrEE)                     Turns: 4366, Time: 00:08:27

Health: -1/36      AC:  6    Str: 12    XL:     7   Next: 32%
Magic:  9/13       EV: 12    Int: 17    God:
Gold:   298        SH:  0    Dex: 10    Spells: 13/14 levels left

rFire    . . .     SeeInvis .   f - +2 dagger (protect)
rCold    . . .     Gourm    .   (no shield)
rNeg     + . .     Faith    .   c - +0 robe
rPois    ∞         Spirit   .   (no helmet)
rElec    +         Reflect  .   (no cloak)
rCorr    .         Harm     .   (no gloves)
MR       .....                  (no boots)
Stlth    +++.......             (no amulet)
HPRegen  0.12/turn              e - ring of stealth
MPRegen  0.13/turn              (no ring)

@: no status effects
A: negative energy resistance 1, electricity resistance, unbreathing,
petrification resistance, rot immunity, AC +4
a: no special abilities


You were on level 4 of the Dungeon.
You were not hungry.

You visited 1 branch of the dungeon, and saw 4 of its levels.

You collected 298 gold pieces.

Inventory:

Hand Weapons
 f - a +2 dagger of protection (weapon)
Missiles
 b - 226 stones (quivered)
Armour
 c - a +0 robe (worn)
Jewellery
 e - a ring of stealth (left hand)
Wands
 m - a wand of iceblast (4)
Scrolls
 a - a scroll of fog
 g - 3 scrolls of remove curse
 h - 2 scrolls of identify
 l - a scroll of teleportation
Potions
 j - a potion of curing
Comestibles
 d - 9 rations
 i - 2 chunks of flesh


   Skills:
 - Level 1.5 Dodging
 - Level 2.1 Stealth
 + Level 4.3 Spellcasting
   Level 0.7 Transmutations
 * Level 8.3 Earth Magic


You had 13 spell levels left.
You knew the following spells:

 Your Spells              Type           Power        Failure   Level  Hunger
a - Sandblast             Erth           ####..       1%          1    None

Your spell library contained the following spells:

 Spells                   Type           Power        Failure   Level  Hunger
 Passwall                 Tmut/Erth      ###.....     3%          2    ##.....
 Stone Arrow              Conj/Erth      ###...       9%          3    ###....
 Lee's Rapid Deconstruct  Erth           ####......   14%         5    ######.
 Petrify                  Tmut/Erth      ###.....     24%         4    ####...


Dungeon Overview and Level Annotations

Branches:
Dungeon (4/15)
 Temple: D:4-7

Altars:
Xom
Zin

Annotations:
D:3 1 runed translucent door, NoiZ's ghost, novice HOFi


Innate Abilities, Weirdness & Mutations

You are resistant to torment.
Your stone body is resilient. (AC +4)
You are immune to poison.
You resist negative energy. (rN+)
You are resistant to electric shocks. (rElec)
You can survive without breathing.
You are immune to petrification.
You are immune to rotting.


Message History

The orc warrior hits you but does no damage.
Casting: Sandblast (safe; 1% risk of failure)
Confirm with . or Enter, or press ? or * to list all spells.
Aiming: Sandblast (safe; 1% risk of failure)
Press: ? - help, Shift-Dir - straight line, f/p - orc warrior
Aim: an orc warrior, wielding a +2 mace of holy wrath and wearing a +0 chain mail (almost dead)
The blast of sand misses the orc warrior.
b - 227 stones The orc wizard barely misses you.
The orc warrior barely misses you.
Casting: Sandblast (safe; 1% risk of failure)
Confirm with . or Enter, or press ? or * to list all spells.
Aiming: Sandblast (safe; 1% risk of failure)
Press: ? - help, Shift-Dir - straight line, f/p - orc warrior
Aim: an orc warrior, wielding a +2 mace of holy wrath and wearing a +0 chain mail (almost dead)
The blast of sand hits the orc warrior.
The orc warrior is almost dead.
b - 226 stones The orc wizard hits you but does no damage.
The orc warrior hits you with a +2 mace of holy wrath!
You die...

l. .. (## #. ... #.##
#.# ..# #># #.# #.## .
.#######o####..#######.
......†@o....#.........
##........##....## ..#
#######..#####..####.#
##... ##....#.# #?#.#
####.#.# #.#.# ##...##
... # #.....# #..
#.#.... #.# ........


You could see an orc warrior and an orc wizard.

Vanquished Creatures
  4 big kobolds (D:3)
  A hound (D:4)
  Jessica (D:2)
  Robin (D:2)
  4 adders
  4 gnolls (D:3)
  An ooze (D:1)
  A worm (D:4)
  A dart slug (D:2)
  4 leopard geckos (D:2)
  An orc (D:3)
  A ball python (D:3)
  9 bats
  5 giant cockroaches
  29 hobgoblins
  9 jackals
  2 quokkas (D:2)
  3 frilled lizards
  37 goblins
  10 kobolds
  3 rats
131 creatures vanquished.

Vanquished Creatures (others)
  A goblin (D:2)
  2 withered plants (D:3)
3 creatures vanquished.

Grand Total: 134 creatures vanquished

Notes
Turn   | Place    | Note
-------+----------+-------------------------------------------
     0 | D:1      | Nattfarinn the Gargoyle Earth Elementalist began the quest
                  | for the Orb.
     0 | D:1      | Reached XP level 1. HP: 10/10 MP: 3/3
    86 | D:1      | Reached skill level 4 in Earth Magic
   299 | D:1      | Reached XP level 2. HP: 14/15 MP: 3/5
   672 | D:1      | Reached XP level 3. HP: 19/19 MP: 6/6
  1017 | D:2      | Noticed Robin
  1044 | D:2      | Killed Robin
  1044 | D:2      | Reached skill level 5 in Earth Magic
  1304 | D:2      | Reached XP level 4. HP: 24/24 MP: 8/8
  1647 | D:2      | Noticed Jessica
  1650 | D:2      | Killed Jessica
  1650 | D:2      | Reached XP level 5. HP: 28/28 MP: 7/9
  1763 | D:2      | Noticed an angel
  1764 | D:2      | Found a glowing silver altar of Zin.
  1764 | D:2      | Found a shimmering altar of Xom.
  1783 | D:2      | Reached skill level 6 in Earth Magic
  2282 | D:3      | Found a runed translucent door.
  2283 | D:3      | Noticed NoiZ's ghost (novice HOFi)
  3231 | D:3      | Reached XP level 6. HP: 29/32 MP: 11/11
  3560 | D:3      | HP: 1/32 [big kobold (4)]
  3563 | D:3      | Reached skill level 7 in Earth Magic
  3700 | D:3      | Reached XP level 7. HP: 27/36 MP: 8/13
  3766 | D:3      | Reached skill level 8 in Earth Magic
  4366 | D:4      | Slain by an orc warrior

Levels and vault maps discovered:
D:1:      lemuel_arrival_room, layout_loops_ring, st_stairs_7
D:2:      layout_basic, grunt_temple_overflow_order_and_chaos_1, uniq_robin,
          uniq_jessica
D:3:      minmay_goblin_kobold_castle, layout_loops_cross, first_ration,
          gammafunk_ghost_grave
D:4:      layout_rooms

Skill      XL: |  1  2  3  4  5  6  7 |
---------------+----------------------+-----
Earth Magic    | 4 5 6 7 8 |  8.3
Spellcasting   | 3 4 |  4.3
Dodging        | |  1.5
Stealth        | |  2.1
Transmutations | |  0.7

Action                   |  1- 3 |  4- 6 |  7- 9 || total
-------------------------+-------+-------+-------++-------
Melee: Unarmed           |    29 |       |       ||    29
       Dagger            |    91 |   233 |    78 ||   402
 Cast: Sandblast         |    23 |    35 |    10 ||    68
  Use: Potion            |     2 |     3 |       ||     5
       Scroll            |       |     4 |       ||     4
 Stab: Sleeping          |       |     3 |       ||     3
  Eat: Chunk             |     1 |     9 |     2 ||    12
Armor: Robe              |    54 |   133 |    33 ||   220
Dodge: Dodged            |   102 |   226 |    57 ||   385

Table legend:
 A = Non-vault XP
 B = Vault XP
 C = Vault XP percentage of total XP
 D = Non-vault monster count
 E = Vault monster count
 F = Vault count percentage of total count
                 A         B        C        D         E       F
            +---------+---------+-------+---------+---------+-------
      Total |     213 |     594 |  73.6 |      64 |      67 |  51.1
            +---------+---------+-------+---------+---------+-------
        D:1 |      40 |       4 |   9.1 |      21 |       2 |   8.7
        D:2 |      92 |      68 |  42.5 |      29 |      11 |  27.5
        D:3 |      28 |     522 |  94.9 |       9 |      54 |  85.7
        D:4 |      53 |       0 |   0.0 |       5 |       0 |   0.0
            +---------+---------+-------+---------+---------+-------
